 Dungeon Crawl Stone Soup version 0.31-a0-441-g867994ef1c (webtiles) character file.

Game seed: 484242378521786967

84 floatRand the Cudgeller (level 4, -2/28 HPs)
             Began as a Gargoyle Fighter on Aug 3, 2023.
             Slain by an iguana (4 damage)
             ... on level 3 of the Dungeon.
             The game lasted 00:01:34 (2630 turns).

floatRand the Cudgeller (Gargoyle Fighter)          Turns: 2630, Time: 00:01:35

Health: -2/28      AC: 10    Str: 21    XL:     4   Next: 45%
Magic:  4/4        EV:  9    Int:  9    God:
Gold:   128        SH:  4    Dex:  9    Spells: 3/3 levels left

rFire   . . .        a - +0 flail
rCold   . . .        c - +0 buckler
rNeg    + . .        b - +0 scale mail
rPois   ∞            (no helmet)
rElec   +            (no cloak)
rCorr   .            (no gloves)
SInv    .            (no boots)
Will    .....        (no amulet) Stlth
                     (no ring)
HPRegen 0.24/turn    (no ring)
MPRegen 0.09/turn

%: no passive effects
@: no status effects
A: sickness immunity, AC +3, negative energy resistance 1, electricity
resistance, torment resistance 1, petrification resistance
a: no special abilities


You were on level 3 of the Dungeon.
You visited 1 branch of the dungeon, and saw 3 of its levels.

You collected 128 gold pieces.

Inventory:

Hand Weapons
 a - a +0 flail (weapon)
Missiles
 r - a throwing net
Armour
 b - a +0 scale mail (worn)
 c - a +0 buckler (worn)
Jewellery
 s - an amulet of reflection
Scrolls
 e - a scroll of fog {unknown}
 f - 3 scrolls of identify {unknown}
 j - 2 scrolls of poison {unknown}
 l - 2 scrolls of revelation {unknown}
 m - 2 scrolls of blinking {unknown}
 t - a scroll of teleportation {unknown}
Potions
 d - a potion of might
 g - 3 potions of curing {unknown}
 h - a potion of resistance {unknown}
 i - a potion of degeneration {unknown}
 k - a potion of ambrosia {unknown}
 n - a potion of lignification {unknown}
 o - 2 potions of mutation {unknown}
 p - a potion of brilliance {unknown}
 q - a potion of magic {unknown}


   Skills:
 - Level 3.2 Fighting
 + Level 4.5 Maces & Flails
 - Level 3.2 Armour
 - Level 3.2 Shields


You had 3 spell levels left.
You didn't know any spells.
Your spell library was empty.

Dungeon Overview and Level Annotations

Branches:
Dungeon (3/15)

Altars:
Elyvilon
Okawaru


Innate Abilities, Weirdness & Mutations

You are immune to sickness and miasma.
Your stone body is resilient. (AC +3)
You are immune to poison.
You resist negative energy. (rN+)
You are resistant to electric shocks. (rElec)
You are resistant to unholy torment.
You are immune to petrification.


Message History

An iguana is nearby!
You hit the iguana.
The iguana is lightly wounded.
The iguana bites you but does no damage.
The iguana bites you.
You hit the iguana but do no damage.
The iguana is lightly wounded.
The iguana bites you.
You hit the iguana but do no damage.
The iguana is lightly wounded.
The iguana bites you.
You hit the iguana.
The iguana is moderately wounded.
The iguana closely misses you.
You closely miss the iguana.
The iguana is moderately wounded.
The iguana bites you but does no damage.
Unknown command.
You sock the iguana!
The iguana is severely wounded.
The iguana closely misses you.
You hit the iguana.
The iguana is severely wounded.
The iguana bites you! The iguana bites you.
* * * LOW HITPOINT WARNING * * *
You are too injured to fight recklessly!
You hit the iguana.
The iguana is almost dead.
The iguana closely misses you.
Unknown command.
You are too injured to fight recklessly!
You closely miss the iguana.
The iguana is almost dead.
The iguana bites you!
* * * LOW HITPOINT WARNING * * *
You are too injured to fight recklessly!
You hit the iguana but do no damage.
The iguana is almost dead.
The iguana bites you.
You die...

#.#.#.#.####........#
....(..........##.#.##
....#...###.#####....#
......#####.........##
####.#........######
#.#.####.)......#
.######.#.# #.######.#
........#.# #.#
#...l@..# #.#
#.#####.# #.# #.# #.#
### #.# ..# #.#


You could see an iguana.

Vanquished Creatures
  2 adders
  A worm (D:2)
  2 dart slugs (D:3)
  6 ball pythons
  5 bats
  5 endoplasms
  2 giant cockroaches
  A goblin (D:2)
  8 hobgoblins
  7 jackals
  3 kobolds
  2 quokkas (D:2)
  8 frilled lizards
  3 rats (D:2)
55 creatures vanquished.

Notes
Turn   | Place    | Note
-------+----------+-------------------------------------------
     0 | D:1      | floatRand the Gargoyle Fighter began the quest for the Orb.
     0 | D:1      | Reached XP level 1. HP: 14/14 MP: 1/1
   209 | D:1      | Reached XP level 2. HP: 6/19 MP: 2/2
   314 | D:1      | Reached skill level 3 in Maces & Flails
  1095 | D:2      | Reached XP level 3. HP: 9/23 MP: 3/3
  1447 | D:2      | Reached skill level 4 in Maces & Flails
  1998 | D:3      | Reached XP level 4. HP: 19/28 MP: 4/4
  2215 | D:3      | Found a white marble altar of Elyvilon.
  2215 | D:3      | Found an iron altar of Okawaru.
  2630 | D:3      | Slain by an iguana

Illustrated notes

Levels and vault maps discovered:
D:1:      nagdon_arrival_zigzag_paths, layout_loops_corners, minmay_pentomino_s2
D:2:      layout_basic
D:3:      layout_basic, nicolae_overflow_two_pavilions

Skill      XL: |  1  2  3 |
---------------+----------+-----
Maces & Flails | 3 4 |  4.5
Fighting       | |  3.2
Armour         | |  3.2
Shields        | |  3.2

Action                     |  1- 3 |  4- 6 || total
---------------------------+-------+-------++-------
  Melee: Flail             |   144 |    57 ||   201
 Armour: Scale mail        |   107 |    32 ||   139
  Dodge: Dodged            |   112 |    33 ||   145
  Block: Buckler           |    47 |     6 ||    53

Table legend: (Time is in decaauts)
 A = Elapsed time spent in this place.
 B = Non-inter-level travel time spent in this place.
 C = Inter-level travel time spent in this place.
 D = Time resting spent in this place.
 E = Time spent auto-exploring this place.
 F = Levels seen in this place.
 G = Mean time per level.
                   A        B        C        D        E       F      G
               +--------+--------+--------+--------+--------+-----+--------+
         Total |   2679 |   2571 |    108 |    235 |   1802 |   3 |  893.0 |
       Dungeon |   2679 |   2571 |    108 |    235 |   1802 |   3 |  893.0 |
               +--------+--------+--------+--------+--------+-----+--------+

Top non-repeatable levels by time:
     D:1: 1086 daAuts
     D:2: 895 daAuts
     D:3: 697 daAuts
